 Dungeon Crawl Stone Soup version 0.27.1-33-g824d729ab1 (webtiles) character file.

Game seed: 11631768710063853843

20787 jlumianski the Nimble (level 12, -44/87 HPs)
             Began as a Gnoll Monk on Dec 23, 2021.
             Was a High Priest of Hepliaklqana.
             Killed from afar by Frances (60 damage)
             ... with an iron shot
             ... on level 13 of the Dungeon.
             The game lasted 01:05:25 (12531 turns).

jlumianski the Nimble (Gnoll Monk)                 Turns: 12531, Time: 01:05:25

Health: -44/87     AC: 11    Str: 17    XL:     12   Next: 83%
Magic:  27/32      EV: 19    Int: 11    God:    Hepliaklqana [*****.]
Gold:   350        SH:  0    Dex: 22    Spells: 12/26 levels left

rFire    . . .     SeeInvis .   m - +8 arc blade {discharge, rElec}
rCold    + + .     Faith    .   (no shield)
rNeg     . . .     Spirit   .   W - +3 leather armour {Will+}
rPois    .         Reflect  .   Q - +0 helmet
rElec    +         Harm     .   G - +0 cloak
rCorr    .         Rampage  .   (no gloves)
Will     +....                  E - +0 pair of boots "Nickoyrgh" {Regen+ Str+4}
Stlth    ++++......             (no amulet)
HPRegen  1.24/turn              J - +6 ring of dexterity
MPRegen  0.23/turn              q - ring "Butu Bopt" {Wiz Contam rElec rC++ MP+9}

@: confusing by touch
A: reduced essence, fangs 1, strong nose, distributed training
a: Renounce Religion, Recall Ancestor, Ancestor Identity, Transference, Idealise


You were on level 13 of the Dungeon.
You worshipped Hepliaklqana.
Hepliaklqana was extremely pleased with you.
You visited 2 branches of the dungeon, and saw 14 of its levels.
You also visited: Ossuary.

You collected 758 gold pieces.
You spent 408 gold pieces at shops.

Inventory:

Hand Weapons
 f - a +0 lajatang
 k - a +5 war axe of electrocution
 m - the +8 arc blade (weapon) {discharge, rElec}
   (You found it on level 4 of the Dungeon)

   It occasionally unleashes powerful arcs of lightning upon striking a foe.
   These may arc to other adjacent creatures (including the wielder, but dealing
   reduced damage to them) before grounding out.
   rElec:     It insulates you from electricity.
 r - the +4 mace "Hulk" {flame, rPois rC+ rCorr Str+2}
   (You found it on level 4 of the Dungeon)

   It burns those it strikes, dealing additional fire damage.
   Str:       It affects your strength (+2).
   rC:        It protects you from cold.
   rPois:     It protects you from poison.
   rCorr:     It protects you from acid and corrosion.
 Z - a +2 flail of holy wrath
Missiles
 o - 91 poisoned darts (quivered)
 s - 172 bolts
 B - 2 boomerangs
 O - a curare-tipped dart
 S - 3 throwing nets
Armour
 D - a +2 ring mail of cold resistance
 E - the +0 pair of boots "Nickoyrgh" (worn) {Regen+ Str+4}
   (You acquired it on level 11 of the Dungeon)

   Str:       It affects your strength (+4).
   Regen:     It increases your rate of health regeneration.
 G - a +0 cloak (worn)
 Q - a +0 helmet (worn)
 W - a +3 leather armour of willpower (worn)
Jewellery
 l - an amulet of the acrobat
 n - a ring of positive energy
 p - a +6 ring of intelligence
 q - the ring "Butu Bopt" (right hand) {Wiz Contam rElec rC++ MP+9}
   (You found it on level 10 of the Dungeon)

   [ring of wizardry]

   It improves your spell success rate.
   rC:        It greatly protects you from cold.
   rElec:     It insulates you from electricity.
   MP:        It affects your magic capacity (+9).
   Contam:    It causes magical contamination when unequipped.
 t - a ring of resist corrosion
 v - a ring of poison resistance
 F - a +6 ring of dexterity
 J - a +6 ring of dexterity (left hand)
 K - an amulet of reflection
 R - a ring of protection from fire
Wands
 i - a wand of charming (12)
 j - a wand of digging (3)
 L - a wand of iceblast (15)
 M - a wand of mindburst (10)
 P - a wand of flame (73)
Scrolls
 b - 2 scrolls of identify
 C - a scroll of fear
 I - 2 scrolls of magic mapping
Potions
 a - a potion of flight
 c - a potion of mutation
 d - 3 potions of magic
 e - 2 potions of might
 g - 6 potions of curing
 h - 3 potions of haste
 u - 2 potions of lignification
 w - 5 potions of heal wounds
 x - 2 potions of resistance
 z - 3 potions of invisibility


   Skills:
 + Level 10.1 Fighting
 + Level 7.6 Short Blades
 + Level 7.6 Long Blades
 + Level 10.1 Axes
 + Level 7.6 Maces & Flails
 + Level 7.6 Polearms
 + Level 7.6 Staves
 + Level 7.6 Slings
 + Level 7.6 Bows
 + Level 7.6 Crossbows
 + Level 7.6 Throwing
 + Level 7.6 Armour
 + Level 10.1 Dodging
 + Level 8.8 Stealth
 + Level 7.6 Shields
 + Level 7.6 Unarmed Combat
 + Level 7.6 Spellcasting
 + Level 6.3 Conjurations
 + Level 6.3 Hexes
 + Level 6.3 Summonings
 + Level 6.3 Necromancy
 + Level 6.3 Translocations
 + Level 6.3 Transmutations
 + Level 6.3 Fire Magic
 + Level 6.3 Ice Magic
 + Level 6.3 Air Magic
 + Level 6.3 Earth Magic
 + Level 6.3 Poison Magic
 + Level 8.4 Invocations
 + Level 7.6 Evocations


You had 12 spell levels left.
You knew the following spells:

 Your Spells              Type           Power      Damage    Failure   Level
a - Call Imp              Summ           18%        N/A       1%          2
b - Mephitic Cloud        Conj/Pois/Air  18%        N/A       1%          3
c - Hailstorm             Conj/Ice       18%        3d6       6%          4
d - Blink                 Tloc           N/A        N/A       1%          2
e - Confusing Touch       Hex            18%        N/A       1%          3

Your spell library contained the following spells:

 Spells                   Type           Power      Damage    Failure   Level
 Magic Dart               Conj           72%        1d6       1%          1
 Slow                     Hex            18%        N/A       1%          2
 Ozocubu's Armour         Ice            18%        N/A       1%          3
 Tukima's Dance           Hex            18%        N/A       1%          3
 Alistair's Intoxication  Tmut/Pois      12%        N/A       16%         5
 Borgnjor's Vile Clutch   Necr/Erth      9%         N/A       16%         5
 Manifold Assault         Tloc           18%        N/A       16%         5
 Yara's Violent Unravell  Hex/Tmut       9%         3d6       16%         5
 Eringya's Noxious Bog    Tmut/Pois      9%         N/A       61%         6
 Storm Form               Tmut/Air       9%         N/A       98%         7


Dungeon Overview and Level Annotations

Branches:
Dungeon (13/15)            Temple (1/1) D:4            Lair (0/6) D:11
    Orc (0/2) D:10        Ossuary (visited)
 Vaults: D:13-14

Altars:
Ashenzari
Cheibriados
Dithmenos
Elyvilon
Fedhas
Gozag
Hepliaklqana
Kikubaaqudgha
Makhleb
Nemelex Xobeh
Qazlal
Sif Muna
Trog
Uskayaw
Vehumet
Wu Jian
Xom
Yredelemnul
Zin

Shops:
D:5 *   D:13 :

Annotations:
D:5 2 runed translucent doors, lonewolfV2's ghost, amateur MiFi
D:13 Frances


Innate Abilities, Weirdness & Mutations

Your life essence is reduced to manifest your ancestor. (-10% HP)
You have very sharp teeth.
Your uncanny sense of smell can sniff out nearby items.
Your experience applies equally to all skills.


Message History

The centaur warrior shoots an arrow.
The arrow hits you!
You hear an angry hiss.
Press: ? - help, v - describe, . - travel The floor, spattered with blood.
Unknown command.
As you read the scroll of fear, it crumbles to dust.
You assume a fearsome visage.
Frances resists with some effort.
The centaur warrior looks frightened!
The centaur looks frightened! x2
The centaur shouts!
A lava snake comes into view.
The centaur falls into the lava!
The centaur is incinerated.
You hear a sizzling splash. x2
The lava snake spits lava at you. The glob of lava misses you.
A lava snake comes into view.
Frances chants phrases taken from a devil's mouth.
Frances seems to speed up.
There is an open door here.
Frances chants phrases taken from a devil's mouth.
The shard of ice hits you! You partially resist.
* * * LOW HITPOINT WARNING * * *
Unknown command.
You feel much better. Frances misses you.
Casting: Mephitic Cloud (safe; 1% risk of failure)
Confirm with . or Enter, or press ? or * to list all spells.
A metallic apparition takes form in the air.
Frances misses you. Frances hits you with a +4 scimitar!!
Casting: Call Imp (safe; 1% risk of failure)
Confirm with . or Enter, or press ? or * to list all spells.
Your hands begin to glow red.
Frances hits you with a +4 scimitar!!
* * * LOW HITPOINT WARNING * * *
You feel much better. Frances barely misses you.
Your iron imp closely misses Frances.
Frances hits you with a +4 scimitar!
* * * LOW HITPOINT WARNING * * *
You hit Frances but do no damage.
Frances screams a word of power!
The iron shot hits you!!!
Ouch! That really hurt!
You die...

#........# #..
##.####### .... #..
#.# ...... #.. #.#
#......# #.#
###......## #.#
#.........# #.#
#.........#
#.##########5........#
#.........@@.........#
############.........#
#.'.........#
#####+#.(.......#
#.......###'#####
#...........#
#.§§...§.#..#
#..§§§≈§≈§≈≈S≈≈
####§§S§≈≈§≈≈.§


You could see Frances (fast, ally target) and a friendly iron imp (summoned).

Vanquished Creatures
  Kirke (D:13)
  Harold (D:8)
  A two-headed ogre (D:10)
  A death knight (D:13)
  Pikel (D:8)
  2 manticores
  An oklob plant (D:11)
  2 ugly things
  4 cyclopes
  Maurice (D:10)
  A shadow (D:9)
  A vampire (D:12)
  2 yaks
  3 wyverns
  A wraith (D:13)
  A basilisk (D:12)
  2 hogs (D:13)
  Edmund (D:5)
  6 vampire mosquitoes
  A steam dragon (D:9)
  2 acid dragons
  3 water moccasins
  An ice beast (D:7)
  A sky beast (D:5)
  3 orc warriors
  2 necrophages
  6 centaurs
  4 ogres
  A phantom (D:6)
  2 kobold brigands
  3 bullfrogs
  3 scorpions
  6 water moccasin zombies (Ossuary)
  A killer bee (D:8)
  11 wights
  A howler monkey (D:5)
  5 centaur zombies
  A bullfrog zombie (D:6)
  A jelly (D:5)
  5 hounds
  2 orc priests (D:10)
  A bullfrog skeleton (D:6)
  2 centaur skeletons (D:7)
  3 iguanas
  2 orc wizards (D:8)
  2 mummies (Ossuary)
  3 howler monkey zombies
  A howler monkey skeleton (D:6)
  5 adders
  A shadow imp (D:7)
  A white imp (D:5)
  An ufetubus (D:4)
  An adder zombie (Ossuary)
  An adder skeleton (D:4)
  2 worms
  4 dart slugs
  23 orcs
  10 ball pythons
  7 endoplasms
  4 giant cockroaches
  4 gnoll zombies (Ossuary)
  8 goblins
  7 hobgoblins
  12 kobolds
  4 quokkas
  A bat (D:2)
  6 frilled lizards
  6 hobgoblin zombies (Ossuary)
  3 kobold zombies (Ossuary)
  14 orc zombies (Ossuary)
  4 rats
241 creatures vanquished.

Vanquished Creatures (collateral kills)
  A hydra (D:13)
  A two-headed ogre (D:7)
  A cyclops (D:11)
  5 centaur zombies
  Joseph (D:8)
  An unseen horror (D:11)
  A troll (D:12)
  A vampire (D:11)
  A wyvern (D:7)
  3 yaks (D:9)
  A steam dragon (D:8)
  3 water moccasins
  2 orc warriors
  2 ice beasts
  2 sky beasts
  A centaur (D:12)
  A lemure (D:8)
  2 kobold brigands
  A bullfrog (D:8)
  A scorpion (D:6)
  2 killer bees (D:8)
  2 wights
  A bullfrog zombie (D:5)
  A lava snake (D:13)
  A hound (D:6)
  3 orc priests (D:10)
  A centaur skeleton (D:7)
  A gnoll shaman (D:6)
  6 orc wizards
  A howler monkey zombie (D:9)
  An adder (D:3)
  A dart slug (D:3)
  4 orcs
  2 bats (D:3)
  11 kobolds
70 creatures vanquished.

Vanquished Creatures (others)
  8 battlemagi
  An orc (D:6)
  21 plants
  8 withered plants (D:1)
38 creatures vanquished.

Grand Total: 349 creatures vanquished

Notes
Turn   | Place    | Note
-------+----------+-------------------------------------------
     0 | D:1      | jlumianski the Gnoll Monk began the quest for the Orb.
     0 | D:1      | Reached XP level 1. HP: 23/23 MP: 1/1
   142 | D:1      | Reached XP level 2. HP: 29/29 MP: 2/2
   621 | D:1      | Found a faded altar of an unknown god.
   639 | D:1      | Reached XP level 3. HP: 35/35 MP: 3/3
  1381 | D:2      | Reached skill level 1 in Invocations
  1530 | D:2      | Reached skill level 1 in Short Blades
  1530 | D:2      | Reached skill level 1 in Long Blades
  1530 | D:2      | Reached skill level 1 in Maces & Flails
  1530 | D:2      | Reached skill level 1 in Polearms
  1530 | D:2      | Reached skill level 1 in Staves
  1530 | D:2      | Reached skill level 1 in Slings
  1530 | D:2      | Reached skill level 1 in Bows
  1530 | D:2      | Reached skill level 1 in Crossbows
  1530 | D:2      | Reached skill level 1 in Throwing
  1530 | D:2      | Reached skill level 1 in Armour
  1530 | D:2      | Reached skill level 1 in Shields
  1530 | D:2      | Reached skill level 1 in Unarmed Combat
  1530 | D:2      | Reached skill level 1 in Spellcasting
  1530 | D:2      | Reached skill level 1 in Evocations
  1756 | D:2      | Reached XP level 4. HP: 41/41 MP: 5/5
  1830 | D:3      | Found a white marble altar of Elyvilon.
  1899 | D:4      | Identified a scroll of acquirement
  1899 | D:4      | Acquired a +5 war axe of electrocution
  1908 | D:4      | Found the +8 arc blade {discharge, rElec}
  1920 | D:4      | Noticed an ogre
  1923 | D:4      | Noticed a scorpion
  1942 | D:3      | Killed an ogre
  1943 | D:3      | Reached skill level 1 in Conjurations
  1943 | D:3      | Reached skill level 1 in Hexes
  1943 | D:3      | Reached skill level 1 in Summonings
  1943 | D:3      | Reached skill level 1 in Necromancy
  1943 | D:3      | Reached skill level 1 in Translocations
  1943 | D:3      | Reached skill level 1 in Transmutations
  1943 | D:3      | Reached skill level 1 in Fire Magic
  1943 | D:3      | Reached skill level 1 in Ice Magic
  1943 | D:3      | Reached skill level 1 in Air Magic
  1943 | D:3      | Reached skill level 1 in Earth Magic
  1943 | D:3      | Reached skill level 1 in Poison Magic
  1943 | D:3      | Reached XP level 5. HP: 41/47 MP: 5/7
  2063 | D:4      | Reached XP level 6. HP: 50/53 MP: 8/8
  2074 | D:4      | Identified the +4 mace "Hulk" {flame, rPois rC+ rCorr
                  | Str+2}
  2179 | D:4      | Found a sand-covered staircase.
  2184 | Ossuary  | Entered an ossuary
  2377 | Ossuary  | Reached XP level 7. HP: 54/59 MP: 10/10
  2932 | D:4      | Reached skill level 5 in Stealth
  2957 | D:4      | Found a staircase to the Ecumenical Temple.
  2963 | Temple   | Entered the Ecumenical Temple
  3082 | Temple   | Became a worshipper of Hepliaklqana the Forgotten
  3082 | Temple   | Reached * piety under Hepliaklqana
  3082 | Temple   | Reached ** piety under Hepliaklqana
  3126 | D:4      | Remembered your ancestor Tiberia as a battlemage
  4021 | D:5      | Entered Level 5 of the Dungeon
  4053 | D:5      | Reached XP level 8. HP: 60/60 MP: 12/12
  4056 | D:5      | Learned a level 2 spell: Call Imp
  4488 | D:5      | Found Vaec's Lightly-Used Armoury.
  4510 | D:5      | Found a runed translucent door.
  4511 | D:5      | Noticed lonewolfV2's ghost (amateur MiFi)
  4660 | D:5      | Found a runed translucent door.
  4869 | D:5      | Noticed Edmund
  4880 | D:5      | Killed Edmund
  4881 | D:5      | Reached XP level 9. HP: 44/65 MP: 14/14
  5714 | D:6      | Reached skill level 5 in Invocations
  5766 | D:6      | Reached *** piety under Hepliaklqana
  5875 | D:6      | Found a glowing silver altar of Zin.
  5875 | D:6      | Noticed an angel
  6132 | D:7      | Noticed a two-headed ogre
  6178 | D:7      | Killed a two-headed ogre
  6179 | D:7      | Reached skill level 5 in Short Blades
  6179 | D:7      | Reached skill level 5 in Long Blades
  6179 | D:7      | Reached skill level 5 in Maces & Flails
  6179 | D:7      | Reached skill level 5 in Polearms
  6179 | D:7      | Reached skill level 5 in Staves
  6179 | D:7      | Reached skill level 5 in Slings
  6179 | D:7      | Reached skill level 5 in Bows
  6179 | D:7      | Reached skill level 5 in Crossbows
  6179 | D:7      | Reached skill level 5 in Throwing
  6179 | D:7      | Reached skill level 5 in Armour
  6179 | D:7      | Reached skill level 5 in Shields
  6179 | D:7      | Reached skill level 5 in Unarmed Combat
  6179 | D:7      | Reached skill level 5 in Spellcasting
  6179 | D:7      | Reached skill level 5 in Evocations
  6179 | D:7      | Reached XP level 10. HP: 35/72 MP: 17/17
  6976 | D:7      | Reached **** piety under Hepliaklqana
  7251 | D:8      | Noticed Joseph
  7268 | D:8      | Killed Joseph
  7468 | D:8      | Found an opulent altar of Gozag.
  7487 | D:8      | Found a hide-covered altar of Uskayaw.
  7617 | D:8      | Noticed Pikel
  7632 | D:8      | Killed Pikel
  7697 | D:8      | Noticed Harold
  7709 | D:8      | Killed Harold
  7710 | D:8      | Reached XP level 11. HP: 78/78 MP: 19/19
  7965 | D:8      | Reached skill level 5 in Conjurations
  7965 | D:8      | Reached skill level 5 in Hexes
  7965 | D:8      | Reached skill level 5 in Summonings
  7965 | D:8      | Reached skill level 5 in Necromancy
  7965 | D:8      | Reached skill level 5 in Translocations
  7965 | D:8      | Reached skill level 5 in Transmutations
  7965 | D:8      | Reached skill level 5 in Fire Magic
  7965 | D:8      | Reached skill level 5 in Ice Magic
  7965 | D:8      | Reached skill level 5 in Air Magic
  7965 | D:8      | Reached skill level 5 in Earth Magic
  7965 | D:8      | Reached skill level 5 in Poison Magic
  9232 | D:10     | Entered Level 10 of the Dungeon
  9232 | D:10     | Noticed a two-headed ogre
  9244 | D:10     | Killed a two-headed ogre
  9308 | D:10     | Reached ***** piety under Hepliaklqana
  9338 | D:10     | Found a broken altar of Ashenzari.
  9353 | D:10     | Noticed Maurice
  9358 | D:10     | Killed Maurice
  9426 | D:10     | Noticed a cyclops
  9430 | D:10     | Killed a cyclops
  9688 | D:10     | Learned a level 3 spell: Mephitic Cloud
  9810 | D:10     | Found a staircase to the Orcish Mines.
 10144 | D:10     | Found a radiant altar of Vehumet.
 10172 | D:10     | Found a bloodstained altar of Trog.
 10291 | D:10     | Identified the ring "Butu Bopt" {Wiz Contam rElec rC++
                  | MP+9}
 10518 | D:11     | Found a staircase to the Lair.
 10525 | D:11     | Noticed an oklob plant
 10633 | D:11     | Acquired the +0 pair of boots "Nickoyrgh" {Regen+ Str+4}
 10731 | D:11     | Noticed a cyclops
 10733 | D:11     | Killed a cyclops
 10780 | D:11     | Reached XP level 12. HP: 86/86 MP: 22/22
 11948 | D:12     | Got the Incunabulum of the Glacier and Enchantment
 11954 | D:12     | Learned a level 4 spell: Hailstorm
 12109 | D:13     | Noticed a six-headed hydra
 12109 | D:13     | Found Uruadal's Book Shop.
 12110 | D:13     | Killed a six-headed hydra
 12136 | D:13     | Bought an Inescapable Atlas for 408 gold pieces
 12139 | D:13     | Learned a level 2 spell: Blink
 12143 | D:13     | Learned a level 3 spell: Confusing Touch
 12326 | D:13     | Noticed Kirke
 12342 | D:13     | Killed Kirke
 12343 | D:13     | Reached skill level 10 in Fighting
 12343 | D:13     | Reached skill level 10 in Axes
 12343 | D:13     | Reached skill level 10 in Dodging
 12358 | D:13     | Noticed a death knight
 12413 | D:13     | Killed a death knight
 12518 | D:13     | Noticed a centaur warrior
 12519 | D:13     | Noticed Frances
 12529 | D:13     | HP: 4/87 [Frances (25)]
 12531 | D:13     | Killed from afar by Frances

Illustrated notes

Levels and vault maps discovered:
D:1:      ncdulo_wetmaze, layout_basic, shapermc_ecumenical_altar_flowoftime,
          wander_ebering_terrifying_dragon_lair
D:2:      layout_basic, hangedman_abyss_or_decor_stabs
D:3:      layout_basic, mainiacjoe_overflow_cross_hatched
D:4:      layout_loops_ring, minmay_temple_entry_hall, enter_ossuary_2
D:5:      layout_basic, ebering_ghost_sewer_f, small_statue_intersection,
          minmay_shop_damaged, uniq_edmund
D:6:      layout_loops_ring, zin_angel, minmay_between
D:7:      minmay_skewed_foursquare, layout_basic
D:8:      layout_loops_ring, mainiacjoe_overflow_catch_the_wave, uniq_pikel,
          uniq_harold, uniq_joseph
D:9:      layout_basic
D:10:     minmay_weird_star, layout_stronghold, mainiacjoe_overflow_boulevard,
          chequers_temple_overflow_statue_of_worship, uniq_maurice
D:11:     layout_roguey, dpeg_oklobed_lair
D:12:     layout_cave_pods
D:13:     layout_basic, serial_shops, nicolae_stop_n_shop_1, uniq_frances,
          uniq_kirke
Temple:   regret_index_temple_generic_petals

Skill      XL: |  1  2  3  4  5  6  7  8  9 10 11 12 |
---------------+-------------------------------------+-----
Invocations    | 1 2 3 4 5 6 7 8 |  8.4
Short Blades   | 1 2 3 5 6 7 |  7.6
Long Blades    | 1 2 3 5 6 7 |  7.6
Maces & Flails | 1 2 3 5 6 7 |  7.6
Polearms       | 1 2 3 5 6 7 |  7.6
Staves         | 1 2 3 5 6 7 |  7.6
Slings         | 1 2 3 5 6 7 |  7.6
Bows           | 1 2 3 5 6 7 |  7.6
Crossbows      | 1 2 3 5 6 7 |  7.6
Throwing       | 1 2 3 5 6 7 |  7.6
Armour         | 1 2 3 5 6 7 |  7.6
Shields        | 1 2 3 5 6 7 |  7.6
Unarmed Combat | 1 2 3 5 6 7 |  7.6
Spellcasting   | 1 2 3 5 6 7 |  7.6
Evocations     | 1 2 3 5 6 7 |  7.6
Conjurations   | 1 2 3 4 5 6 |  6.3
Hexes          | 1 2 3 4 5 6 |  6.3
Summonings     | 1 2 3 4 5 6 |  6.3
Necromancy     | 1 2 3 4 5 6 |  6.3
Translocations | 1 2 3 4 5 6 |  6.3
Transmutations | 1 2 3 4 5 6 |  6.3
Fire Magic     | 1 2 3 4 5 6 |  6.3
Ice Magic      | 1 2 3 4 5 6 |  6.3
Air Magic      | 1 2 3 4 5 6 |  6.3
Earth Magic    | 1 2 3 4 5 6 |  6.3
Poison Magic   | 1 2 3 4 5 6 |  6.3
Fighting       | 7 8 9 10 | 10.1
Axes           | 7 8 9 10 | 10.1
Dodging        | 7 8 9 10 | 10.1
Stealth        | 5 6 7 8 |  8.8

Action                   |  1- 3 |  4- 6 |  7- 9 | 10-12 || total
-------------------------+-------+-------+-------+-------++-------
Melee: Hand axe          |   133 |     5 |       |       ||   138
       Bite              |    21 |     3 |    20 |    44 ||    88
       Punch             |     1 |       |     4 |    10 ||    15
       Rapier            |       |    43 |   182 |   260 ||   485
Throw: Stone             |    17 |       |       |       ||    17
       Dart              |       |     4 |    11 |    15 ||    30
 Cast: Call Imp          |       |       |     2 |     2 ||     4
       Mephitic Cloud    |       |       |       |     7 ||     7
       Confusing Touch   |       |       |       |     2 ||     2
Invok: Ancestor Life: Ba |       |       |     1 |       ||     1
       Recall Ancestor   |       |       |     1 |       ||     1
Evoke: Wand              |       |       |       |     2 ||     2
  Use: Scroll            |     4 |     2 |     5 |     8 ||    19
       Potion            |       |       |     5 |     3 ||     8
 Stab: Sleeping          |     4 |       |    15 |    22 ||    41
       Distracted        |       |       |     2 |    10 ||    12
Armor: Robe              |     3 |       |       |       ||     3
       Scale mail        |    32 |    16 |    13 |       ||    61
       Ring mail         |       |       |    13 |     8 ||    21
       Leather armour    |       |       |       |    42 ||    42
Dodge: Dodged            |    50 |    20 |   105 |   208 ||   383
